 Dungeon Crawl Stone Soup version 0.21.0-3-g78d12a8 (console) character file.

559896 removed the Devastator (level 25, 0/224 HPs)
             Began as a Centaur Wizard on Jan 11, 2018.
             Was the Champion of Vehumet.
             Slain by a tentacled monstrosity (12 damage)
             ... on level 5 of the Vaults on Jan 12, 2018.
             The game lasted 04:40:51 (99773 turns).

removed the Devastator (Centaur Wizard)            Turns: 99773, Time: 04:40:52

Health: 0/224      AC: 21    Str: 13    XL:     25   Next: 81%
Magic:  32/69      EV: 12    Int: 40    God:    Vehumet [******]
Gold:   7999       SH:  4    Dex:  9    Spells: 19/60 levels left

rFire    + . .     SeeInvis .   a - staff of power
rCold    + . .     Gourm    .   Y - +0 buckler {AC+3}
rNeg     + . .     Faith    .   j - +2 robe {Archmagi}
rPois    .         Spirit   .   W - -2 helmet of Nafiehean {MP+9 Int+4}
rElec    .         Reflect  .   S - +1 cloak
rCorr    .         Harm     .   N - +2 pair of gloves of Uduhin {rC+}
MR       ++++.     Clarity  +   f - +4 centaur barding {rF+}
Stlth    +.........             e - amulet of the Four Winds {rN+ MR+++ Clar}
HPRegen  0.47/turn              Q - +6 ring of intelligence
MPRegen  0.41/turn              c - +5 ring of intelligence

@: very slightly contaminated, very quick
A: large, hooves 3, deformed body, speed 2, tough skin 3
}: 2/15 runes: decaying, serpentine
a: Renounce Religion


You were on level 5 of the Vaults.
You worshipped Vehumet.
Vehumet was exalted by your worship.
You were very hungry.

You visited 10 branches of the dungeon, and saw 48 of its levels.
You also visited: Labyrinth, Trove, Ice Cave and Desolation.

You collected 10614 gold pieces.
You spent 2615 gold pieces at shops.

Inventory:

Hand Weapons
 b - a +7 demon trident of electrocution
 g - a +0 blowgun
Missiles
 B - 11 curare-tipped needles
Armour
 f - a +4 centaur barding of fire resistance (worn)
 j - a +2 robe of the Archmagi (worn)
 N - the +2 pair of gloves of Uduhin (worn) {rC+}
   (You found it in an ice cave)

   It protects you from cold.
 S - a +1 cloak (worn)
 W - the -2 helmet of Nafiehean (worn) {MP+9 Int+4}
   (You acquired it on level 2 of the Elven Halls)

   It affects your intelligence (+4).
   It affects your magic capacity (+9).
 Y - a +0 buckler of protection (worn)
Magical Staves
 a - an uncursed staff of power (weapon)
Jewellery
 c - a +5 ring of intelligence (right hand)
 e - the amulet of the Four Winds (around neck) {rN+ MR+++ Clar}
   (You took it off a deep elf death mage on level 3 of the Elven Halls)

   [amulet of nothing]

   It protects you from negative energy.
   It affects your resistance to hostile enchantments.
   It protects you against confusion.
 h - the ring "Qutib" {rC+ MP+9 Str+2}
   (You found it in the Desolation of Salt)

   [ring of magical power]

   It affects your strength (+2).
   It protects you from cold.
   It affects your magic capacity (+9).
 Q - a +6 ring of intelligence (left hand)
 V - the ring of the Pariah {rF+ MP+9 Dex+5}
   (You took it off a deep elf demonologist on level 3 of the Elven Halls)

   [ring of protection from fire]

   It affects your dexterity (+5).
   It protects you from fire.
   It affects your magic capacity (+9).
 Z - the ring of Tafoydag {Str+3 Slay+2 SInv Stlth+}
   (You found it in the Desolation of Salt)

   [ring of see invisible]

   It affects your strength (+3).
   It affects your accuracy and damage with ranged weapons and melee attacks
   (+2).
   It lets you see invisible.
   It makes you more stealthy.
Wands
 t - a wand of acid (13)
 w - a wand of disintegration (8)
 x - a wand of iceblast (46)
 A - a wand of clouds (13)
 M - a wand of scattershot (10)
 P - a wand of digging (41)
 T - a wand of paralysis (33)
Scrolls
 m - 22 scrolls of remove curse
 n - 9 scrolls of enchant armour
 q - 2 scrolls of fear
 s - 3 scrolls of fog
 y - 4 scrolls of summoning
 G - 13 scrolls of teleportation
 L - 12 scrolls of identify
 O - 10 scrolls of magic mapping
 X - 3 scrolls of blinking
Potions
 i - 7 potions of mutation
 l - 7 potions of brilliance
 o - 7 potions of haste
 p - 17 potions of curing
 r - 5 potions of heal wounds
 u - 4 potions of berserk rage
 v - 2 potions of agility
 z - a potion of resistance
 D - 10 potions of might
 F - a potion of cancellation
 H - 6 potions of magic
 I - a potion of ambrosia
 J - 3 potions of flight
Miscellaneous
 R - a lamp of fire
Comestibles
 d - 46 rations


   Skills:
 - Level 18.0 Fighting
 - Level 12.0 Polearms
 - Level 11.0 Dodging
 - Level 1.1 Stealth
 - Level 5.0 Shields
 - Level 18.0 Spellcasting
 - Level 19.2 Conjurations
   Level 0.8 Summonings
   Level 11.1 Necromancy
 - Level 0.8 Translocations
 + Level 18.4 Fire Magic
 - Level 6.0 Earth Magic
 - Level 5.0 Poison Magic


You had 19 spell levels left.
You knew the following spells:

 Your Spells              Type           Power        Failure   Level  Hunger
a - Iron Shot             Conj/Erth      ########..   1%          6    None
b - Poison Arrow          Conj/Pois      ########..   1%          6    None
c - Bolt of Fire          Conj/Fire      ########..   1%          6    None
d - Fireball              Conj/Fire      ########..   0%          5    None
h - Stone Arrow           Conj/Erth      ######       0%          3    None
i - Ignition              Fire           ########..   1%          8    ####...
l - Blink                 Tloc           N/A          1%          2    None
p - Searing Ray           Conj           ######       0%          2    None
s - Swiftness             Chrm/Air       ######..     1%          2    None
A - Apportation           Tloc           ######       1%          1    None


Dungeon Overview and Level Annotations

Branches:
Dungeon (15/15)            Temple (1/1) D:6            Lair (6/6) D:9
  Swamp (4/4) Lair:3        Snake (4/4) Lair:3        Slime (0/5) Lair:6
    Orc (2/2) D:9             Elf (3/3) Orc:2        Vaults (5/5) D:14
  Crypt (3/3) Vaults:3       Tomb (0/3) Crypt:3      Depths (5/5) D:15
    Zot (0/5) Depths:5

Altars:
Ashenzari
Cheibriados
Dithmenos
Elyvilon
Fedhas
Gozag
Hepliaklqana
Kikubaaqudgha
Makhleb
Nemelex Xobeh
Okawaru
Qazlal
Ru
Sif Muna
Trog
Uskayaw
Vehumet
Wu Jian
Xom
Yredelemnul
Zin
The Shining One
Beogh

Shops:
D:7 **   D:9 :   D:10 (:?}=   D:13 %   Orc:2 [[[[   Snake:1 }?   Snake:3 %
Depths:2 %![*   Depths:3 (:([?   Depths:5 !

Portals:
Hell: Depths:1 Depths:2 Depths:3 Depths:4 Depths:5
Abyss: Depths:3 Depths:4
Pandemonium: Depths:3 Depths:5
Ziggurat: Depths:3

Annotations:
Lair:1 exclusion: oklob plant
Elf:2 3 runed doors
Depths:3 1 transporter


Innate Abilities, Weirdness & Mutations

You have hooves in place of feet.
Armour fits poorly on your strangely shaped body.
You cover ground very quickly.
You have extremely tough skin. (AC +3)


Message History

Aim: a yaktaur captain, wearing the +4 moon troll leather armour {Spirit, Regen++ MP+5} and wearing a ring of fire You feel a surge of power!
The poison arrow hits the yaktaur captain.
The yaktaur captain looks as sick as possible!
The yaktaur captain is severely wounded.
The deep troll bites you!
* * * LOW HITPOINT WARNING * * *
The deep troll claws you but does no damage.
The deep troll closely misses you.
The yaktaur captain wields an arbalest.
The yaktaur captain shoots a bolt.
The bolt hits you!!
* * * LOW HITPOINT WARNING * * *
Okay, then.
You feel much better. You block the deep troll's attack.
The deep troll claws you but does no damage.
The deep troll claws you!
* * * LOW HITPOINT WARNING * * *
The tentacled monstrosity tentacle-slaps you.
* * * LOW HITPOINT WARNING * * *
The tentacled monstrosity tentacle-slaps you!
You die...

### #.#
#T# #@#
#?.X#
#..(#.#
#.c.#?#..
#.# # #.#
. ..# #.#
#.#


You could see a tentacled monstrosity, a yaktaur captain and a deep troll.

Vanquished Creatures
  4 ancient liches
  Mara (Vaults:2)
  Mennas (Vaults:2)
  A juggernaut (Depths:4)
  Bai Suzhen (Crypt:1)
  Frederick (Vaults:2)
  Vashnia (Snake:4)
  Margery (Vaults:2)
  2 caustic shrikes (Depths:4)
  3 golden dragons
  3 bone dragons (Crypt:2)
  Jorgrun (Crypt:3)
  3 liches
  2 deep elf blademasters (Elf:3)
  2 titans (Depths:2)
  2 quicksilver dragons
  Asterion (Depths:3)
  Frances (D:14)
  2 deep elf master archers (Elf:3)
  A sphinx (Vaults:5)
  4 tengu reavers
  4 shadow dragons
  Donald (Swamp:3)
  A thorn hunter (Swamp:3)
  Kirke (D:13)
  4 ancient champions
  3 storm dragons
  8 nagarajas
  10 fire giants
  Aizul (Snake:1)
  14 frost giants
  11 vault wardens
  An imperial myrmidon (Desolation)
  2 orc warlords (Depths:2)
  7 iron dragons
  A curse skull (Crypt:3)
  A draconian shifter (Depths:5)
  A draconian stormcaller (Depths:5)
  5 deep elf sorcerers
  2 ghouls (Crypt:1)
  9 ironheart preservers
  4 deep elf elementalists (Elf:3)
  25 very ugly things
  3 war gargoyles (Crypt:3)
  3 reapers
  10 stone giants
  9 vampire knights
  8 deep elf demonologists
  A green draconian (Depths:5)
  An entropy weaver (Vaults:4)
  A halazid warlock (Desolation)
  Azrael (Snake:1)
  5 deep elf annihilators (Elf:3)
  4 spark wasps
  2 white draconians (Depths:5)
  A red draconian (Depths:5)
  A yellow draconian (Depths:5)
  2 purple draconians (Depths:5)
  9 deep elf death magi
  A minotaur (Lab)
  4 eidola
  A mummy priest (Crypt:3)
  3 fire dragons
  6 ragged hierophants (Desolation)
  3 deep elf high priests
  11 ettins
  3 jiangshi
  A green death (Depths:5)
  4 crystal guardians (Desolation)
  2 merfolk impalers (Depths:5)
  12 yaktaur captains
  6 rakshasas
  23 hydras
  8 ice dragons
  8 servants of whispers (Desolation)
  4 spriggan air magi
  13 great orbs of eyes
  A quicksilver dragon skeleton (Crypt:2)
  4 peacekeepers (Desolation)
  38 vault guards
  18 naga warriors
  11 centaur warriors
  3 merfolk avatars (Swamp:4)
  2 alligators
  10 anacondas
  15 ogre magi
  2 ghost crabs
  A queen ant (Lair:3)
  2 tengu warriors (Depths:5)
  A death knight (Vaults:3)
  15 dancing weapons
  59 two-headed ogres
  3 orc high priests
  The ghost of removed the Destroyer, a novice CeWz of Vehumet (D:9)
  12 deep troll earth magi
  6 vampire magi
  15 naga sharpshooters
  A spriggan berserker (Depths:5)
  2 soul eaters
  A death yak (Lair:5)
  15 deep elf knights
  12 deep troll shamans
  11 shock serpents
  29 hell knights
  Sonja (D:15)
  5 spriggans
  A titan skeleton (Crypt:3)
  A small abomination (Elf:3)
  A sixfirhy (Elf:1)
  5 shadow wraiths
  15 skeletal warriors
  43 deep trolls
  15 salamander mystics
  9 iron trolls
  6 naga ritualists
  2 wizards
  3 unseen horrors
  11 swamp dragons
  3 shambling mangroves
  A torturous demonspawn (Depths:5)
  11 flayed ghosts
  A death drake (shapeshifter) (Depths:1)
  2 glowing orange brains
  An iron giant zombie (Crypt:1)
  18 phantasmal warriors
  An orange crystal statue (Depths:2)
  25 deep elf archers
  16 ironbrand convokers
  3 spriggan druids
  10 orc knights
  7 necromancers
  51 deep elf magi
  A shadow dragon zombie (Crypt:3)
  33 ugly things
  12 cyclopes
  2 salamanders (shapeshifter) (Vaults:2)
  2 wolf spiders
  20 salamanders
  16 mana vipers
  A manticore (D:12)
  2 orc sorcerers
  A faun (shapeshifter) (D:9)
  A stone giant skeleton (D:15)
  A fire giant skeleton (Crypt:1)
  13 guardian serpents
  17 vault sentinels
  5 rust devils
  A shock serpent zombie (Crypt:1)
  3 centaur zombies
  15 naga magi
  A dire elephant zombie (Crypt:2)
  39 black mambas
  4 smoke demons (Crypt:3)
  Psyche (D:12)
  7 gargoyles
  2 ice statues (IceCv)
  31 spiny frogs
  An elf zombie (D:15)
  An efreet (D:14)
  A rime drake (shapeshifter) (Elf:2)
  A death yak zombie (Crypt:2)
  An elf (Vaults:2)
  A yaktaur (shapeshifter) (Vaults:1)
  2 kobold demonologists
  2 rime drakes
  7 freezing wraiths
  39 yaktaurs
  6 komodo dragons
  A guardian mummy (D:15)
  11 ice devils
  A yellow draconian skeleton (Crypt:2)
  2 queen bees (shapeshifter)
  2 tengu conjurers (Depths:5)
  A meliai (shapeshifter) (Vaults:3)
  5 red devils
  15 trolls
  A sea snake skeleton (Crypt:1)
  9 tyrant leeches
  11 hornets
  A tyrant leech (shapeshifter) (Depths:1)
  43 saltlings (Desolation)
  A tengu simulacrum (Vaults:2)
  3 fire dragon zombies
  Prince Ribbit (D:6)
  64 slime creatures
  23 blink frogs
  A blink frog (shapeshifter) (Depths:5)
  8 bog bodies
  13 hippogriffs
  4 raiju
  The ghost of barbarian the Digger, an amateur OpEE (D:4)
  13 flying skulls
  An alligator skeleton (Crypt:1)
  11 air elementals
  7 vampires
  A tarantella (Vaults:2)
  Eustachio (D:6)
  An ice dragon skeleton (D:15)
  9 wraiths
  5 shadows
  3 redbacks (Vaults:2)
  2 wyverns
  An orc simulacrum (Vaults:2)
  12 water elementals
  A yak (shapeshifter) (Vaults:1)
  30 yaks
  3 basilisks (Lair:1)
  A hog (D:13)
  17 vampire mosquitoes
  A neqoxec (Depths:5)
  10 hungry ghosts
  2 humans (Depths:2)
  5 fire elementals
  2 human simulacra
  11 insubstantial wisps (Swamp:3)
  63 nagas
  24 swamp worms
  11 wargs
  5 soldier ants (Lair:3)
  An acid dragon (D:15)
  A soldier ant (shapeshifter) (Elf:1)
  A floating eye (shapeshifter) (Vaults:4)
  7 porcupines
  A snapping turtle zombie (Crypt:3)
  11 water moccasins
  5 hell hounds (Snake:1)
  35 orc warriors
  15 swamp drakes
  4 ice beasts
  2 eyes of draining (D:14)
  3 phantoms
  A spiny frog skeleton (Crypt:3)
  2 black bears
  2 sky beasts
  A black bear (shapeshifter) (Vaults:4)
  2 necrophages
  16 boggarts
  15 wolves
  48 ogres
  2 tengu (shapeshifter)
  A swamp dragon zombie (Crypt:3)
  27 centaurs
  10 crocodiles
  A fire crab zombie (Crypt:1)
  5 big kobolds
  35 bullfrogs
  3 earth elementals
  A wyvern zombie (D:11)
  An elf skeleton (Crypt:3)
  2 wyvern skeletons
  6 scorpions
  A water moccasin skeleton (D:7)
  7 killer bees
  A troll skeleton (Crypt:1)
  5 wights
  A howler monkey (D:6)
  4 lava snakes (Lab)
  6 electric eels
  7 crimson imps
  A bullfrog zombie (D:13)
  3 jellies
  35 orc wizards
  2 bullfrog skeletons
  24 orc priests
  10 centaur skeletons
  7 hounds
  A human zombie (Crypt:3)
  Terence (D:2)
  9 iguanas
  An iron imp (Depths:3)
  19 worker ants
  A centaur simulacrum (D:9)
  2 spectral hounds (Depths:2)
  A crocodile skeleton (Crypt:2)
  A hound zombie (D:7)
  2 hound skeletons
  A worker ant zombie (D:10)
  2 howler monkey zombies
  5 gnolls
  24 adders
  6 shadow imps
  9 white imps (IceCv)
  4 ufetubi (IceCv)
  An adder zombie (Crypt:2)
  An iguana zombie (Crypt:2)
  An adder skeleton (D:2)
  3 worms
  3 dart slugs
  A leopard gecko (D:3)
  120 orcs
  4 giant cockroaches
  9 goblins
  14 hobgoblins
  9 jackals
  6 quokkas
  3 ball pythons
  6 bats
  A frilled lizard (D:2)
  A hobgoblin skeleton (Crypt:1)
  39 kobolds
  4 rats
  A rat skeleton (Crypt:1)
  A crawling corpse (Elf:3)
  5 plants
  2 withered plants (Crypt:3)
2359 creatures vanquished.

Vanquished Creatures (collateral kills)
  Sojobo (Crypt:2)
  An ironheart preserver (Vaults:4)
  A deep troll earth mage (Vaults:4)
  A killer bee (D:11)
4 creatures vanquished.

Vanquished Creatures (others)
  An ogre mage (Vaults:1)
  A deep elf knight (Vaults:1)
  A harpy zombie (D:14)
  A shadow (D:11)
  6 humans (D:13)
  A swamp drake (D:9)
  A wyvern skeleton (D:14)
  3 white imps (IceCv)
  4 ufetubi (IceCv)
  3 orcs (D:13)
  A jackal (D:9)
  20 fungi
  74 plants
  2 withered plants
119 creatures vanquished.

Grand Total: 2482 creatures vanquished

Notes
Turn   | Place    | Note
-------+----------+-------------------------------------------
     0 | D:1      | removed the Centaur Wizard began the quest for the Orb.
     0 | D:1      | Reached XP level 1. HP: 14/14 MP: 3/3
    12 | D:1      | Reached skill level 1 in Conjurations
   332 | D:1      | Reached XP level 2. HP: 19/20 MP: 3/5
   375 | D:1      | Reached skill level 2 in Conjurations
  1060 | D:1      | Reached XP level 3. HP: 26/26 MP: 0/6
  1297 | D:2      | Reached skill level 3 in Conjurations
  1473 | D:2      | Noticed Terence
  1481 | D:2      | Killed Terence
  1481 | D:2      | Reached XP level 4. HP: 33/33 MP: 3/7
  1581 | D:2      | Learned a level 2 spell: Blink
  1635 | D:2      | Learned a level 3 spell: Conjure Flame
  2099 | D:2      | Reached skill level 4 in Conjurations
  3008 | D:3      | Reached XP level 5. HP: 38/38 MP: 4/8
  3622 | D:3      | Found a bloodstained altar of Trog.
  3751 | D:4      | Reached skill level 5 in Conjurations
  3793 | D:4      | Noticed barbarian's ghost (amateur OpEE)
  4165 | D:4      | Reached XP level 6. HP: 40/45 MP: 5/9
  4473 | D:4      | Reached skill level 6 in Conjurations
  4996 | D:4      | Learned a level 3 spell: Mephitic Cloud
  5245 | D:4      | Reached XP level 7. HP: 32/50 MP: 1/10
  5451 | D:4      | Reached skill level 7 in Conjurations
  5729 | D:5      | Entered Level 5 of the Dungeon
  5753 | D:5      | Found an ornate altar of the Wu Jian Council.
  6027 | D:5      | Learned a level 3 spell: Dazzling Spray
  6838 | D:6      | Learned a level 2 spell: Searing Ray
  6952 | D:6      | Noticed Eustachio
  6976 | D:6      | Killed Eustachio
  6976 | D:6      | Reached XP level 8. HP: 57/57 MP: 9/15
  7058 | D:6      | Reached skill level 5 in Spellcasting
  7175 | D:6      | Found a blossoming altar of Fedhas.
  7194 | D:6      | Found a staircase to the Ecumenical Temple.
  7237 | Temple   | Entered the Ecumenical Temple
  7414 | Temple   | Became a worshipper of Vehumet
  7644 | D:6      | Noticed Prince Ribbit
  7666 | D:6      | Killed Prince Ribbit
  7742 | D:6      | Found a deep blue altar of Sif Muna.
  7753 | D:6      | Reached skill level 8 in Conjurations
  7871 | D:6      | Reached skill level 1 in Fighting
  8221 | D:7      | Found a shadowy altar of Dithmenos.
  8538 | D:7      | Found a glowing silver altar of Zin.
  8538 | D:7      | Found a sacrificial altar of Ru.
  8539 | D:7      | Found a glowing golden altar of the Shining One.
  8544 | D:7      | Reached * piety under Vehumet
  8544 | D:7      | Offered knowledge of Freeze by Vehumet.
  8816 | D:7      | Reached skill level 5 in Fighting
  8928 | D:7      | Reached XP level 9. HP: 72/74 MP: 11/16
  8970 | D:7      | Found Noxoutz's Assorted Antiques.
  9055 | D:7      | Found Xunokk Cewo's Assorted Antiques.
  9410 | D:7      | Bought a scroll labeled SIYXKIR LAKHLU for 35 gold pieces
  9410 | D:7      | Bought a scroll labeled SAORYTO BAYMIC for 35 gold pieces
  9604 | D:8      | Reached skill level 9 in Conjurations
 10376 | D:8      | Found an ancient bone altar of Kikubaaqudgha.
 10377 | D:8      | Found a sparkling altar of Nemelex Xobeh.
 10445 | D:8      | Reached ** piety under Vehumet
 10655 | D:9      | Reached skill level 10 in Conjurations
 10656 | D:9      | Found Zuocuck's Book Shoppe.
 10758 | D:9      | Offered knowledge of Flame Tongue by Vehumet.
 10837 | D:9      | Found a staircase to the Lair.
 10988 | D:9      | Paralysed by a hornet for 2 turns
 11341 | D:8      | Reached XP level 10. HP: 66/81 MP: 15/19
 11741 | D:9      | Noticed a two-headed ogre
 11782 | D:9      | Killed a two-headed ogre
 12012 | D:9      | Offered knowledge of Throw Frost by Vehumet.
 12150 | D:9      | Found a staircase to the Orcish Mines.
 12226 | D:9      | Reached *** piety under Vehumet
 12394 | D:9      | Noticed removed's ghost (novice CeWz)
 12782 | D:9      | Found a runed door.
 12782 | D:9      | Noticed a centaur warrior
 12783 | D:9      | Noticed a stone giant
 12784 | D:9      | Noticed a frost giant
 12784 | D:9      | Noticed a wolf spider
 12784 | D:9      | Noticed a five-headed hydra
 12784 | D:9      | Noticed a deep troll
 12899 | D:9      | Learned a level 4 spell: Iskenderun's Mystic Blast
 13179 | D:9      | Killed removed's ghost
 13337 | D:10     | Entered Level 10 of the Dungeon
 13373 | D:10     | Reached skill level 11 in Conjurations
 13566 | D:10     | Offered knowledge of Sticky Flame by Vehumet.
 13572 | D:10     | Learned a level 4 spell: Sticky Flame
 13785 | D:10     | Found Evvisepu's Jewellery Shoppe.
 13802 | D:10     | Reached XP level 11. HP: 88/92 MP: 19/22
 13867 | D:10     | Reached skill level 1 in Fire Magic
 13888 | D:10     | Found Muopsu Muwu's Gadget Boutique.
 13916 | D:10     | Found Dairuack's Magic Scroll Boutique.
 14164 | D:10     | Found Hojuenos's Antique Weapon Boutique.
 14197 | D:10     | Found Ezajaowk's Book Emporium.
 14632 | D:11     | Reached **** piety under Vehumet
 14922 | D:11     | Offered knowledge of Bolt of Magma by Vehumet.
 15419 | D:11     | Killed an unseen horror
 15419 | D:11     | Reached skill level 5 in Fire Magic
 15956 | Lair:1   | Entered Level 1 of the Lair of Beasts
 16755 | Lair:1   | Noticed an oklob plant
 17752 | Lair:2   | Reached ***** piety under Vehumet
 17752 | Lair:2   | Offered knowledge of Spellforged Servitor by Vehumet.
 18882 | Lair:3   | Reached XP level 12. HP: 75/103 MP: 15/24
 19086 | Lair:3   | Noticed a five-headed hydra
 19175 | Lair:3   | Killed a five-headed hydra
 19300 | Lair:3   | Found a staircase to the Swamp.
 20159 | Lair:3   | Found a staircase to the Snake Pit.
 20294 | Lair:3   | Noticed a queen ant
 20342 | Lair:3   | Killed a queen ant
 20784 | Lair:3   | Reached skill level 5 in Dodging
 21710 | Lair:4   | Reached skill level 10 in Fighting
 22903 | Lair:5   | Noticed a death yak
 22948 | Lair:5   | Killed a death yak
 23054 | Lair:5   | Reached skill level 12 in Conjurations
 23499 | Lair:5   | Noticed an eight-headed hydra
 23535 | Lair:5   | Killed an eight-headed hydra
 23646 | Lair:5   | Identified Big Qen's Catalogue of Toxins and Confrontation
 23655 | Lair:5   | Learned a level 6 spell: Bolt of Fire
 23728 | Lair:5   | Noticed a seven-headed hydra
 23783 | Lair:5   | Killed a seven-headed hydra
 23979 | Lair:5   | Noticed a seven-headed hydra
 24022 | Lair:5   | Killed a seven-headed hydra
 24022 | Lair:5   | Reached XP level 13. HP: 113/113 MP: 19/25
 24372 | Lair:6   | Entered Level 6 of the Lair of Beasts
 25315 | Lair:6   | Offered knowledge of Ozocubu's Refrigeration by Vehumet.
 25988 | Lair:6   | Found a staircase to the Slime Pits.
 27575 | Lair:6   | Reached skill level 10 in Spellcasting
 28904 | Lair:6   | Reached skill level 10 in Fire Magic
 29535 | Lair:6   | Got a heavily runed naga barding
 29536 | Lair:6   | Identified the cursed +0 naga barding of Apathy {rElec Int+3 Dex-5} (You found it on level 6 of the Lair of Beasts)
 29902 | Lair:6   | Offered knowledge of Yara's Violent Unravelling by Vehumet.
 31001 | D:4      | Killed barbarian's ghost
 31187 | Orc:1    | Entered Level 1 of the Orcish Mines
 31190 | Orc:1    | Noticed a stone giant
 31195 | Orc:1    | HP: 2/116 [stone giant/large rock (38)]
 31198 | Orc:1    | Killed a stone giant
 31198 | Orc:1    | Reached XP level 14. HP: 25/124 MP: 5/28
 31218 | Orc:1    | Found a frozen archway.
 31500 | IceCv    | Entered an ice cave
 31853 | IceCv    | Found the -2 hat of the Alchemist {rElec rPois rF+ rC+ rN+ MR+ rMut rCorr}
 31859 | IceCv    | Got a pair of steaming gloves
 31872 | IceCv    | Identified the +2 pair of gloves of Uduhin {rC+} (You found it in an ice cave)
 32429 | IceCv    | Noticed a reaper
 32440 | IceCv    | Killed a reaper
 32676 | IceCv    | Identified the Handbook of Poison and Feathers
 33209 | Orc:1    | Reached skill level 1 in Polearms
 33671 | Orc:2    | Entered Level 2 of the Orcish Mines
 33991 | Orc:2    | Reached skill level 5 in Polearms
 34072 | Orc:2    | Found a staircase to the Elven Halls.
 34072 | Orc:2    | Found a labyrinth entrance.
 34077 | Lab      | Entered a labyrinth
 34707 | Lab      | Found the +0 Maxwell's etheric cage {RegenMP+ *Contam rElec MP+4}
 34707 | Lab      | Got a twisted flail
 34729 | Orc:2    | Found Temohes's Armour Shoppe.
 34740 | Orc:2    | Found Goagosut's Antique Armour Emporium.
 34750 | Orc:2    | Offered knowledge of Venom Bolt by Vehumet.
 34933 | Orc:2    | Found Karoizio's Antique Armour Boutique.
 34933 | Orc:2    | Found Imuliq's Antique Armour Shoppe.
 36616 | Orc:2    | Bought a brightly glowing ring mail for 297 gold pieces
 36626 | Orc:2    | Identified the +4 ring mail of Tomorrow {rElec rC- rN+} (You bought it in a shop on level 2 of the Orcish Mines)
 38224 | D:12     | Noticed Psyche
 38231 | D:12     | Killed Psyche
 38680 | D:13     | Noticed Kirke
 38699 | D:13     | Killed Kirke
 39347 | D:13     | Found Tydi's Food Shoppe.
 39789 | D:12     | Reached XP level 15. HP: 108/130 MP: 16/29
 40955 | D:13     | Reached skill level 10 in Polearms
 42522 | D:14     | Offered knowledge of Freezing Cloud by Vehumet.
 44223 | D:14     | Found a gate to the Vaults.
 44647 | D:14     | Noticed Frances
 44655 | D:14     | Killed Frances
 45015 | D:15     | Entered Level 15 of the Dungeon
 45016 | D:15     | Noticed Sonja
 45019 | D:15     | Killed Sonja
 46038 | D:15     | Found a staircase to the Depths.
 46471 | D:15     | Found a portal to a secret trove of treasure.
 47148 | D:10     | Bought a +5 ring of intelligence for 700 gold pieces
 47741 | D:9      | Learned a level 3 spell: Stone Arrow
 47762 | D:9      | Killed a frost giant
 47931 | Snake:1  | Entered Level 1 of the Snake Pit
 48614 | Snake:1  | Reached XP level 16. HP: 126/139 MP: 20/30
 48773 | Snake:1  | Found Wiwuock's Magic Scroll Emporium.
 48785 | Snake:1  | Reached ****** piety under Vehumet
 48806 | Snake:1  | Noticed Azrael
 48823 | Snake:1  | Offered knowledge of Orb of Destruction by Vehumet.
 48826 | Snake:1  | Killed Azrael
 49227 | Snake:1  | Noticed Aizul
 49238 | Snake:1  | Killed Aizul
 49510 | Snake:1  | Found Humuidghu's Gadget Shoppe.
 53480 | Snake:3  | Offered knowledge of Poison Arrow by Vehumet.
 53488 | Snake:3  | Learned a level 6 spell: Poison Arrow
 53489 | Snake:3  | Found Uquatz's Food Shoppe.
 53933 | Snake:3  | Got a scorched falchion
 54208 | Snake:3  | Reached skill level 1 in Poison Magic
 54722 | Swamp:1  | Entered Level 1 of the Swamp
 54733 | Swamp:1  | Reached XP level 17. HP: 103/149 MP: 18/34
 57500 | Swamp:3  | Reached skill level 5 in Poison Magic
 58077 | Swamp:3  | Noticed Donald
 58089 | Swamp:3  | Killed Donald
 58438 | Swamp:3  | Reached skill level 13 in Conjurations
 58878 | Swamp:4  | Entered Level 4 of the Swamp
 59737 | Swamp:4  | Got a faintly glowing scale mail
 59932 | Swamp:4  | Got a decaying rune of Zot
 60566 | Swamp:4  | Identified the cursed +0 scale mail of Misanthropy {-Cast rN+ Str+8 Slay-5} (You found it on level 4 of the Swamp)
 60776 | Snake:4  | Entered Level 4 of the Snake Pit
 60913 | Snake:4  | Offered knowledge of Lehudib's Crystal Spear by Vehumet.
 60913 | Snake:4  | Offered knowledge of Fire Storm by Vehumet.
 60913 | Snake:4  | Offered knowledge of Ignition by Vehumet.
 62434 | Snake:4  | Reached XP level 18. HP: 104/157 MP: 35/35
 63796 | Snake:4  | Noticed Vashnia
 63826 | Snake:4  | Learned a level 8 spell: Ignition
 63833 | Snake:4  | Found a shattered altar of Ashenzari.
 64231 | Snake:4  | Killed Vashnia
 64231 | Snake:4  | Reached skill level 14 in Conjurations
 65292 | Snake:4  | Got a serpentine rune of Zot
 65693 | Elf:1    | Entered Level 1 of the Elven Halls
 66970 | Elf:1    | Reached XP level 19. HP: 167/167 MP: 37/37
 67587 | Elf:1    | Found the +4 arc blade {discharge, rElec}
 67597 | Elf:1    | Learned a level 2 spell: Swiftness
 67999 | Elf:2    | Found a radiant altar of Vehumet.
 68161 | Elf:2    | Found a ruined gateway.
 68352 | Desolati | Entered the Desolation of Salt
 68497 | Desolati | Reached skill level 15 in Fighting
 69313 | Desolati | Got a brightly glowing scale mail
 69317 | Desolati | Identified the Volume of Freezing Toxins
 69326 | Desolati | Got a twisted plate armour
 69677 | Desolati | Got a sparkling steel ring
 69703 | Desolati | Identified the Tome of Destructive Flames
 70062 | Desolati | Got a translucent chain mail
 70217 | Desolati | Got a translucent jade ring
 70430 | Desolati | Identified the +0 chain mail of Insurance {rPois rF+++ rC- Stlth-} (You found it in the Desolation of Salt)
 70487 | Desolati | Identified the +9 scale mail "Duzidige" {rPois rF+++ rC- SInv} (You found it in the Desolation of Salt)
 70510 | Desolati | Identified the cursed +0 plate armour of Duty {rC+} (You found it in the Desolation of Salt)
 70522 | Desolati | Identified the ring "Qutib" {rC+ MP+9 Str+2} (You found it in the Desolation of Salt)
 70524 | Desolati | Identified the ring of Tafoydag {Str+3 Slay+2 SInv Stlth+} (You found it in the Desolation of Salt)
 70570 | Elf:2    | Learned a level 5 spell: Fireball
 71081 | Elf:2    | Found a runed gate.
 71081 | Elf:2    | Found a runed gate.
 71081 | Elf:2    | Found a runed gate.
 71259 | Elf:2    | Got a distressingly furry helmet
 71270 | Elf:2    | Identified the -2 helmet of Nafiehean {MP+9 Int+4} (You acquired it on level 2 of the Elven Halls)
 71285 | Elf:2    | Got a translucent centaur barding
 71296 | Elf:2    | Identified the +0 centaur barding "Xuqem" {Slay+3 Stlth+} (You acquired it on level 2 of the Elven Halls)
 71310 | Elf:2    | Got an encrusted helmet
 71321 | Elf:2    | Identified the +2 helmet of Beauty {+Inv Regen+ Dex-3 Slay+3} (You acquired it on level 2 of the Elven Halls)
 71524 | D:10     | Bought a scroll of acquirement for 728 gold pieces
 71526 | D:10     | Bought a scroll of blinking for 105 gold pieces
 71692 | Vaults:1 | Entered Level 1 of the Vaults
 71846 | Vaults:1 | Reached skill level 1 in Shields
 72582 | Vaults:1 | Reached skill level 5 in Shields
 72646 | Vaults:1 | Reached XP level 20. HP: 173/180 MP: 38/38
 74076 | Vaults:2 | Noticed Frederick
 74079 | Vaults:2 | Killed Frederick
 74079 | Vaults:2 | Reached skill level 15 in Spellcasting
 74864 | Vaults:2 | Reached skill level 15 in Conjurations
 75024 | Vaults:2 | Noticed Margery
 75027 | Vaults:2 | Killed Margery
 75286 | Vaults:2 | Noticed Mennas
 75333 | Vaults:2 | Killed Mennas
 75333 | Vaults:2 | Reached skill level 16 in Conjurations
 75798 | Vaults:2 | Noticed Mara
 75812 | Vaults:2 | Noticed removed's illusion
 76471 | Vaults:2 | Killed Mara
 76732 | Vaults:3 | Got a steaming halberd
 76862 | Vaults:3 | Reached skill level 15 in Fire Magic
 76863 | Vaults:3 | Reached XP level 21. HP: 172/188 MP: 30/40
 77018 | Vaults:3 | Learned a level 6 spell: Iron Shot
 77142 | Vaults:3 | Found a staircase to the Crypt.
 77172 | Vaults:3 | Reached skill level 1 in Earth Magic
 77752 | Vaults:3 | Reached skill level 5 in Earth Magic
 80267 | Elf:3    | Entered Level 3 of the Elven Halls
 80471 | Elf:3    | Got a crude scale mail
 80819 | Elf:3    | Got a pitted halberd {pain}
 81008 | Elf:3    | Got a crude robe
 81009 | Elf:3    | Identified the +1 robe of the Sneaky Stories {+Fly rN+ MR-} (You took it off a deep elf death mage on level 3 of the Elven Halls)
 81012 | Elf:3    | Got a pitted graven amulet
 81023 | Elf:3    | Reached XP level 22. HP: 201/201 MP: 20/41
 81426 | Elf:3    | Got an iridescent spear {holy}
 81428 | Elf:3    | Identified the amulet "Oxzocat" {Harm *Drain rC+ Str+3} (You took it off a deep elf blademaster on level 3 of the Elven Halls)
 81431 | Elf:3    | Got a clouded pewter ring
 81441 | Elf:3    | Got a pair of faintly humming gloves
 81503 | Elf:3    | Identified the +1 scale mail "Jimoogun" {-Tele +Fly rC+} (You found it on level 3 of the Elven Halls)
 81524 | Elf:3    | Identified the +1 pair of gloves "Wuoc" {Str+2 Stlth+} (You found it on level 3 of the Elven Halls)
 81543 | Elf:3    | Identified the Grimoire of Attacks
 81586 | Elf:3    | Got a polished longbow
 81588 | Elf:3    | Identified the Guide on the Lethal Birds
 81970 | Elf:3    | Identified the ring of the Pariah {rF+ MP+9 Dex+5} (You took it off a deep elf demonologist on level 3 of the Elven Halls)
 82039 | Elf:3    | Found the +3 pair of gauntlets of War {Slay+5}
 82613 | Crypt:1  | Entered Level 1 of the Crypt
 82663 | Crypt:1  | Noticed Bai Suzhen
 82666 | Crypt:1  | Killed Bai Suzhen
 83986 | Crypt:2  | Found a huge runed gate.
 83987 | Crypt:2  | Found a huge runed gate.
 83996 | Crypt:2  | Learned a level 1 spell: Apportation
 83999 | Crypt:2  | Found a huge runed gate.
 84000 | Crypt:2  | Found a huge runed gate.
 84000 | Crypt:2  | Found a huge runed gate.
 84067 | Crypt:2  | Noticed Sojobo
 84092 | Crypt:2  | Killed Sojobo
 84601 | Crypt:2  | Found a huge runed gate.
 84603 | Crypt:2  | Found a huge runed gate.
 84613 | Crypt:2  | Found a huge runed gate.
 84614 | Crypt:2  | Found a huge runed gate.
 84615 | Crypt:2  | Found a huge runed gate.
 84616 | Crypt:2  | Found a huge runed gate.
 84617 | Crypt:2  | Found a huge runed gate.
 84642 | Crypt:2  | Found a huge runed gate.
 84642 | Crypt:2  | Found a huge runed gate.
 84642 | Crypt:2  | Found a huge runed gate.
 84642 | Crypt:2  | Found a huge runed gate.
 84642 | Crypt:2  | Found a huge runed gate.
 84642 | Crypt:2  | Found a huge runed gate.
 84642 | Crypt:2  | Found a huge runed gate.
 84643 | Crypt:2  | Found a huge runed gate.
 84782 | Crypt:2  | Noticed an ancient lich
 84789 | Crypt:2  | Killed an ancient lich
 84789 | Crypt:2  | Reached skill level 10 in Dodging
 85019 | Crypt:3  | Entered Level 3 of the Crypt
 86031 | Crypt:3  | Identified Jualee's Compendium of Unholy Magic
 86036 | Crypt:3  | Identified the Tome of Combat Magic
 86052 | Crypt:3  | Noticed an ancient lich
 86057 | Crypt:3  | Killed an ancient lich
 86057 | Crypt:3  | Reached XP level 23. HP: 189/209 MP: 42/42
 86256 | Crypt:3  | Got a pair of warped gloves
 86267 | Crypt:3  | Identified the +0 pair of gloves "Evaskupadd" {rCorr Int+2 Dex-2} (You found it on level 3 of the Crypt)
 86785 | Crypt:3  | Noticed Jorgrun
 86799 | Crypt:3  | Killed Jorgrun
 87076 | Crypt:3  | Found a staircase to the Tomb.
 87092 | Crypt:3  | Noticed an ancient lich
 87100 | Crypt:3  | Killed an ancient lich
 87209 | Crypt:3  | Identified the Handbook of Noxious Summoning
 87430 | Crypt:3  | Reached skill level 1 in Necromancy
 87578 | Crypt:3  | Got a jewelled centaur barding
 87589 | Crypt:3  | Identified the +1 centaur barding "Piptiot" {Str-3 Dex+5} (You acquired it on level 3 of the Crypt)
 88010 | D:7      | Bought 2 scrolls of teleportation for 174 gold pieces
 88010 | D:7      | Bought 2 scrolls of teleportation for 174 gold pieces
 88233 | Snake:1  | Bought a scroll of teleportation for 45 gold pieces
 88233 | Snake:1  | Bought a scroll of teleportation for 45 gold pieces
 88233 | Snake:1  | Bought a scroll of blinking for 112 gold pieces
 88233 | Snake:1  | Bought a scroll of teleportation for 45 gold pieces
 88550 | D:15     | You paid a toll of 15 scrolls of teleportation to enter a treasure trove
 88551 | Trove    | Entered a treasure trove
 88576 | Trove    | Got a pair of bloodstained gloves
 88587 | Trove    | Identified the +2 pair of gloves "Zicredau" {+Inv rPois Str+6 Int-4} (You found it in a treasure trove)
 88600 | Trove    | Got a scintillating iron ring
 88602 | Trove    | Identified the ring of Giaruot {+Fly MR+ Dex+4} (You found it in a treasure trove)
 88686 | Depths:1 | Entered Level 1 of the Depths
 88875 | Depths:1 | Reached skill level 5 in Necromancy
 89678 | Depths:1 | Reached skill level 10 in Necromancy
 89767 | Depths:1 | Found a gateway to Hell.
 90364 | Depths:1 | Got an ichor-stained falchion
 91731 | Depths:2 | Reached XP level 24. HP: 203/216 MP: 31/43
 91924 | Depths:2 | Reached skill level 17 in Conjurations
 93081 | Depths:2 | Found The Legendary Qika Wee's Legendary Smithy.
 93103 | Depths:2 | Found Tocoal's Slaves and Accessories.
 93206 | Depths:2 | Found Jack's Jerk-a-riffic Jerky.
 93251 | Depths:2 | Found Lollol's Miraculous Elixirs.
 93700 | Depths:2 | Noticed an ancient lich
 93703 | Depths:2 | Killed an ancient lich
 93837 | Depths:2 | Found a roughly hewn altar of Beogh.
 94148 | Depths:3 | Found a gateway to a ziggurat.
 94168 | Depths:3 | Found a transporter.
 94179 | Depths:3 | Found a one-way gate leading to the halls of Pandemonium.
 94193 | Depths:3 | Found Etud's Weapon Shop.
 94236 | Depths:3 | Noticed Asterion
 94239 | Depths:3 | Killed Asterion
 94246 | Depths:3 | Found Ytuwn's Antique Weapon Emporium.
 94379 | Depths:3 | Found Pacismom's Book Shoppe.
 94597 | Depths:3 | Found a one-way gate to the infinite horrors of the Abyss.
 94837 | Depths:3 | Found Ismeol's Magic Scroll Shoppe.
 94845 | Depths:3 | Bought a scroll of teleportation for 60 gold pieces
 94845 | Depths:3 | Bought a scroll of teleportation for 60 gold pieces
 94888 | Depths:3 | Found Muosk's Antique Armour Shoppe.
 95827 | Depths:4 | Found a glowing golden altar of the Shining One.
 96137 | Depths:4 | Noticed a juggernaut
 96143 | Depths:4 | Killed a juggernaut
 96282 | Depths:4 | Reached skill level 18 in Conjurations
 96284 | Depths:4 | Reached XP level 25. HP: 224/224 MP: 44/44
 96409 | Depths:4 | Got a spiked plate armour
 96412 | Depths:4 | Identified the cursed +1 plate armour of the Catamount {-Cast +Blink rC+} (You found it on level 4 of the Depths)
 97238 | Depths:5 | Entered Level 5 of the Depths
 97621 | Depths:5 | Got an ancient scale mail
 97626 | Depths:5 | Identified the +6 scale mail of Focus {Int+4} (You found it on level 5 of the Depths)
 98134 | Depths:5 | Found Lileu's Distillery.
 98429 | Depths:5 | Found a gate to the Realm of Zot.
 99750 | Vaults:5 | Entered Level 5 of the Vaults
 99753 | Vaults:5 | Reached skill level 19 in Conjurations
 99772 | Vaults:5 | HP: 7/224 [yaktaur captain/bolt (22)]
 99773 | Vaults:5 | Slain by a tentacled monstrosity

Skill      XL: |  1  2  3  4  5  6  7  8  9 10 11 12 13 14 15 16 17 18 19 20 21 22 23 24 25 |
---------------+----------------------------------------------------------------------------+-----
Conjurations   | 1 2 3 4 5 6 7 8 10 11 12 13 14 16 18 19 | 19.2
Spellcasting   | 4 5 6 7 8 10 13 14 15 16 17 18 | 18.0
Fighting       | 5 7 8 10 11 12 13 14 16 17 18 | 18.0
Fire Magic     | 7 10 11 13 14 15 16 17 18 | 18.4
Dodging        | 5 6 11 | 11.0
Polearms       | 9 12 | 12.0
Poison Magic   | 2 5 |  5.0
Shields        | 5 |  5.0
Earth Magic    | 6 |  6.0
Necromancy     | 11 | 11.1
Stealth        | |  1.1
Summonings     | |  0.8
Translocations | |  0.8

Action                   |  1- 3 |  4- 6 |  7- 9 | 10-12 | 13-15 | 16-18 | 19-21 | 22-24 | 25-27 || total
-------------------------+-------+-------+-------+-------+-------+-------+-------+-------+-------++-------
Melee: Unarmed           |    13 |       |       |       |       |       |       |       |       ||    13
       Dagger            |    28 |    56 |    15 |       |       |       |       |       |       ||    99
       Kick              |     3 |     9 |     9 |    29 |    81 |    11 |     6 |    12 |       ||   160
       Trident           |       |    50 |   103 |   167 |    52 |       |       |       |       ||   372
       Demon trident     |       |       |       |       |   513 |    45 |    47 |    40 |       ||   645
       Staff             |       |       |       |       |     8 |     6 |     5 |     3 |       ||    22
 Fire: Blowgun           |       |       |     9 |       |       |       |       |       |       ||     9
Throw: Throwing net      |       |       |       |       |     1 |       |       |       |       ||     1
 Cast: Magic Dart        |    81 |   151 |   149 |   102 |   114 |       |       |       |       ||   597
       Conjure Flame     |       |     7 |     6 |     3 |       |       |       |       |       ||    16
       Mephitic Cloud    |       |     1 |     5 |     2 |     2 |       |       |       |       ||    10
       Searing Ray       |       |       |    30 |   175 |   190 |     7 |       |       |       ||   402
       Dazzling Spray    |       |       |     1 |       |       |       |       |       |       ||     1
       Iskenderun's Myst |       |       |       |     6 |    20 |    72 |    29 |       |       ||   127
       Sticky Flame      |       |       |       |    35 |   143 |    30 |     5 |       |       ||   213
       Bolt of Fire      |       |       |       |       |   112 |   310 |   324 |   283 |    55 ||  1084
       Blink             |       |       |       |       |     7 |     3 |     5 |    11 |     2 ||    28
       Stone Arrow       |       |       |       |       |    23 |   759 |    57 |       |       ||   839
       Poison Arrow      |       |       |       |       |       |       |   189 |   249 |    69 ||   507
       Fireball          |       |       |       |       |       |       |    59 |    27 |       ||    86
       Ignition          |       |       |       |       |       |       |    21 |    30 |     6 ||    57
       Iron Shot         |       |       |       |       |       |       |    20 |    72 |    25 ||   117
       Apportation       |       |       |       |       |       |       |       |     1 |       ||     1
Evoke: Wand              |       |       |       |     4 |       |     2 |    10 |     1 |     1 ||    18
       Lamp of fire      |       |       |       |       |     1 |       |     2 |     1 |       ||     4
  Use: Scroll            |       |     5 |    13 |     4 |    23 |     9 |    16 |    13 |     6 ||    89
       Potion            |       |       |       |       |     9 |     3 |     3 |     5 |     2 ||    22
 Stab: Confused          |       |     1 |       |       |       |       |       |       |       ||     1
       Invisible         |       |       |       |       |     1 |       |       |       |       ||     1
       Sleeping          |       |       |       |       |     1 |       |       |       |       ||     1
       Distracted        |       |       |       |       |     1 |       |       |       |       ||     1
  Eat: Chunk             |     2 |    12 |    18 |    34 |    78 |    42 |    55 |    24 |     5 ||   270
       Ration            |       |       |       |     1 |    11 |    14 |     4 |     7 |     1 ||    38
Armor: Robe              |    22 |    26 |     4 |       |     3 |   256 |    74 |    85 |    31 ||   501
       Leather armour    |       |       |    40 |   110 |   302 |       |       |       |       ||   452
Dodge: Dodged            |    29 |    51 |    53 |   205 |   485 |   224 |    60 |    78 |    41 ||  1226
Block: Buckler           |       |       |       |       |       |       |    15 |    31 |     6 ||    52
